 Dungeon Crawl Stone Soup version 0.13-a0-2527-g93fcdc4 (webtiles) character file.

5558 Rycklaryybbe the Carver (level 10, -12/76 HPs)
             Began as a Demonspawn Warper on July 26, 2013.
             Was a Believer of Okawaru (penitent).
             Killed from afar by a titan (32 damage)
             ... with a bolt of lightning
             ... created by the fury of Okawaru
             ... on Level 9 of the Dungeon.
             The game lasted 00:52:21 (11052 turns).

Rycklaryybbe the Carver (Demonspawn Warper)        Turns: 11052, Time: 00:52:21

HP -12/76        AC  7     Str 11      XL: 10   Next: 30%
MP  14/16        EV 15     Int 16      God: *Okawaru
Gold 543         SH  0     Dex 15      Spells:  4 memorised,  8 levels left

Res.Fire  : . . .   See Invis. : +   p - +7 Screaming Sword
Res.Cold  : . . .   Warding    : .   d - +2 robe
Life Prot.: . . .   Conserve   : .   (no shield)
Res.Poison: +       Res.Corr.  : .   (helmet restricted)
Res.Elec. : .       Clarity    : .   b - +0 cloak
Sust.Abil.: . .     Spirit.Shd : .   (no gloves)
Res.Mut.  : +       Stasis     : .   (no boots)
Res.Rott. : .       Flight     : .   B - amulet of resist mutation
Saprovore : . . .                    D - ring of see invisible
                                     s - ring of poison resistance

@: somewhat resistant to hostile enchantments, unstealthy
A: horns 1, demonic guardian 1, powered by pain 1, AC +2
a: Renounce Religion


You were on level 9 of the Dungeon.
You worshipped Okawaru.
Okawaru was demanding penance.
You were very hungry.

You visited 3 branches of the dungeon, and saw 11 of its levels.

You collected 493 gold pieces.

Inventory:

Hand weapons
 p - the +7,+7 Screaming Sword (weapon)
   (You found it on level 4 of the Dungeon)
 w - a +0 blowgun
 G - a +1,+2 dagger of venom (quivered)
Missiles
 e - 14 darts
 f - 9 darts of dispersal
 x - 17 poisoned needles
Armour
 b - a +0 cloak (worn)
 d - a +2 robe (worn)
 t - a +0 orcish shield
 u - a cursed +0 visored helmet
 y - a +0 helmet
Magical devices
 j - a wand of random effects (5)
Comestibles
 g - 7 bread rations
 m - 6 meat rations
Scrolls
 h - 6 scrolls of teleportation
 l - 8 scrolls of remove curse
 n - 2 scrolls of curse jewellery
 q - 4 scrolls of identify
 C - a scroll of enchant weapon II
 K - 2 scrolls of noise
 R - a scroll of enchant weapon I
Jewellery
 s - a ring of poison resistance (left hand)
 B - an amulet of resist mutation (around neck)
 D - a ring of see invisible (right hand)
 N - an uncursed ring of protection from fire
 S - an uncursed ring of magical power
Potions
 a - 2 potions of heal wounds
 r - 9 potions of curing
 z - a potion of invisibility
 M - a potion of resistance {unknown}
Books
 c - a book of Spatial Translocations

   Spells                             Type                      Level
   *Apportation                       Translocation                1
   Portal Projectile                  Translocation                2
   *Blink                             Translocation                2
   *Shroud of Golubria                Charms/Translocation         2
   Teleport Other                     Translocation                3
   Passage of Golubria                Translocation                4
 H - a book of Battle

   Spells                             Type                      Level
   *Infusion                          Charms                       1
   *Shroud of Golubria                Charms/Translocation         2
   Song of Slaying                    Charms                       2
   Spectral Weapon                    Hexes/Charms                 3
   Regeneration                       Charms/Necromancy            3
   Song of Shielding                  Charms                       4
 P - a book of Flames

   Spells                             Type                      Level
   Flame Tongue                       Conjuration/Fire             1
   Throw Flame                        Conjuration/Fire             2
   Conjure Flame                      Conjuration/Fire             3
   Inner Flame                        Hexes/Fire                   3
   Sticky Flame                       Conjuration/Fire             4
   Fireball                           Conjuration/Fire             5
 T - a book of Conjurations

   Spells                             Type                      Level
   Magic Dart                         Conjuration                  1
   Searing Ray                        Conjuration                  2
   Dazzling Spray                     Conjuration/Hexes            3
   Iskenderun's Mystic Blast          Conjuration                  4
   Iskenderun's Battlesphere          Conjuration/Charms           4
   Fulminant Prism                    Conjuration/Hexes            5


   Skills:
 + Level 6.7 Fighting
 - Level 4.9 Short Blades
 - Level 10.4 Long Blades
 - Level 0.8 Throwing
 - Level 0.8 Armour
 + Level 6.2 Dodging
 - Level 2.5 Spellcasting
 - Level 3.0 Translocations


You had 8 spell levels left.
You knew the following spells:

 Your Spells              Type           Power        Failure   Level  Hunger
a - Apportation           Tloc           ##........   8%          1    #......
b - Blink                 Tloc           N/A          10%         2    ##.....
c - Shroud of Golubria    Chrm/Tloc      #.........   17%         2    ##.....
d - Infusion              Chrm           #.....       21%         1    #......


Dungeon Overview and Level Annotations

Branches:
Dungeon (9/27)             Temple (1/1) D:7             Orc (0/4) D:7
   Lair (1/8) D:9

Altars:
Ashenzari
Cheibriados
Elyvilon
Fedhas
Kikubaaqudgha
Makhleb
Nemelex Xobeh
Okawaru
Sif Muna
Trog
Vehumet
Xom
Yredelemnul
Zin
the Shining One

Shops:
D:3: * D:7: [


Innate Abilities, Weirdness & Mutations

You have a pair of small horns on your head.
You are mostly covered in rugged brown scales (AC +2, +5% HP).
A weak demonic guardian rushes to your aid.
You sometimes gain a little power by taking damage.


Message History

The scroll dissolves into smoke.
The Screaming Sword goes snicker-snack!
The titan is hurt by the noise.
The Screaming Sword shouts, "The pen is mightier than the sword?
Come on, pens, here I am!"
The titan is hurt by the noise.
The Screaming Sword bellows like a irate carnivore.
The titan is hurt by the noise.
Read which item? (? for menu, Esc to quit)
Okay, then.
Read which item? (? for menu, Esc to quit)
Okay, then.
Casting: Blink
Confirm with . or Enter, or press ? or * to list all spells.
Okay, then.
Casting: Blink
Confirm with . or Enter, or press ? or * to list all spells.
You miscast Blink.
You spin around.
The titan casts a spell at you. The bolt of lightning hits you!
You die...

#.# #.# #(# #.#
################.################
...............§§§§§§§§§§........
#############..§§§§§§§§§§>(......
#.##C########.####### #.##@# #.#
#.##.# #.# #.##.########.#######
# #.##.#....C....)))..) #
#.##.#.######.####### # #....#
#.# ######### ###### #.#
....k...# #.# ......#.# #.#


You could see a titan.

Vanquished Creatures
  A hill giant (D:9)
  Erolcha (D:8)
  A wyvern (D:9)
  5 yaks (D:9)
  A hippogriff (D:6)
  A necrophage (D:5)
  2 black bears (D:6)
  2 ice beasts
  3 orc warriors
  2 phantoms
  A sky beast (D:8)
  2 centaurs
  A crocodile (D:9)
  4 ogres
  The ghost of Bruce the Magician, an average DEFE (D:3)
  2 giant frogs
  A water moccasin (D:9)
  6 killer bees (D:7)
  3 crimson imps
  4 goliath beetles
  2 giant frog skeletons
  5 hounds
  4 iguanas
  2 orc priests
  2 orc wizards
  3 worker ants
  3 jellies
  A big kobold zombie (D:9)
  Ijyb (D:2)
  An ogre zombie (D:6)
  A green rat (D:9)
  10 adders
  6 gnolls
  7 worms
  A giant centipede zombie (D:7)
  11 orcs
  9 goblins
  8 hobgoblins
  4 quokkas
  3 ball pythons
  13 bats
  5 giant cockroaches
  4 giant geckos
  6 giant newts
  A giant spore (D:8)
  A hobgoblin zombie (D:6)
  13 jackals
  18 kobolds
  A kobold skeleton (D:6)
  An orc zombie (D:8)
  A quokka skeleton (D:9)
  15 rats
  A ballistomycete (D:8)
  A fungus (D:9)
  3 plants (D:9)
212 creatures vanquished.

Vanquished Creatures (collateral kills)
  A sky beast (D:7)
  A crimson imp (D:3)
  A worker ant (D:7)
  3 fungi (D:9)
6 creatures vanquished.

Vanquished Creatures (others)
  6 crimson imps
  5 iron imps
  6 lemures
  A white imp (D:7)
  7 ufetubi
  A fungus (D:9)
26 creatures vanquished.

Grand Total: 244 creatures vanquished

Notes
Turn   | Place    | Note
--------------------------------------------------------------
     0 | D:1      | Rycklaryybbe, the Demonspawn Warper, began the quest for the Orb.
     0 | D:1      | Reached XP level 1. HP: 15/15 MP: 1/1
   296 | D:1      | Gained mutation: You sometimes gain a little power by taking damage. [demonic ancestry]
   296 | D:1      | Reached XP level 2. HP: 12/21 MP: 3/3
   723 | D:1      | Reached skill level 3 in Translocations
  1103 | D:1      | Learned a level 2 spell: Blink
  1106 | D:1      | Learned a level 2 spell: Shroud of Golubria
  1111 | D:2      | Gained mutation: A weak demonic guardian rushes to your aid. [demonic ancestry]
  1111 | D:2      | Reached XP level 3. HP: 21/26 MP: 1/4
  1249 | D:2      | Found a shattered altar of Ashenzari.
  1254 | D:2      | Found a shimmering altar of Xom.
  1257 | D:2      | Noticed Ijyb
  1326 | D:2      | Killed Ijyb
  2210 | D:3      | Gained mutation: You are partially covered in rugged brown scales (AC +1, +3% HP). [demonic ancestry]
  2210 | D:3      | Reached XP level 4. HP: 25/33 MP: 6/6
  2563 | D:3      | Reached skill level 4 in Short Blades
  2630 | D:3      | Found Zin's Purification Station.
  2634 | D:3      | Found a glowing silver altar of Zin.
  2681 | D:3      | Noticed Bruce's ghost (average DEFE)
  2685 | D:3      | Gained mutation: You have a pair of small horns on your head. [demonic ancestry]
  2685 | D:3      | Reached XP level 5. HP: 37/39 MP: 8/8
  4239 | D:4      | Reached skill level 1 in Long Blades
  4299 | D:4      | Got a bloodstained robe
  4306 | D:4      | Identified the +0 robe of Joy {rF+ Int-3 Acc-2} (You found it on level 4 of the Dungeon)
  4344 | D:4      | Noticed an ogre
  4353 | D:4      | Killed an ogre
  4353 | D:4      | Reached XP level 6. HP: 45/45 MP: 9/9
  4657 | D:5      | Entered Level 5 of the Dungeon
  5059 | D:5      | Reached skill level 5 in Long Blades
  5109 | D:5      | Noticed a necrophage
  5113 | D:5      | Killed a necrophage
  5113 | D:5      | Gained mutation: You are mostly covered in rugged brown scales (AC +2, +5% HP). [demonic ancestry]
  5113 | D:5      | Reached XP level 7. HP: 45/51 MP: 11/11
  5510 | D:6      | Learned a level 1 spell: Infusion
  5603 | D:6      | Found a bloodstained altar of Trog.
  5615 | D:6      | Reached skill level 6 in Long Blades
  5721 | D:6      | Reached skill level 7 in Long Blades
  5968 | D:6      | Found a glowing golden altar of the Shining One.
  5977 | D:6      | Reached XP level 8. HP: 28/58 MP: 9/13
  6481 | D:3      | Killed Bruce's ghost
  6692 | D:7      | Reached skill level 8 in Long Blades
  6847 | D:7      | Found Xaodgh's Antique Armour Shop.
  7049 | D:7      | Found a staircase to the Ecumenical Temple.
  7065 | Temple   | Entered the Ecumenical Temple
  7204 | Temple   | Became a worshipper of Warmaster Okawaru
  7234 | D:7      | Found a staircase to the Orcish Mines.
  7321 | D:7      | Reached skill level 9 in Long Blades
  8097 | D:8      | Reached skill level 10 in Long Blades
  8097 | D:8      | Reached XP level 9. HP: 43/64 MP: 14/14
  8619 | D:8      | Noticed Erolcha
  8633 | D:8      | Killed Erolcha
  8633 | D:8      | Acquired Okawaru's first power
  9444 | D:8      | Somebody: Hey.
  9589 | D:8      | Somebody: You seem to be doing well.
  9594 | D:8      | Rycklaryybbe: hey
  9594 | D:8      | Rycklaryybbe: just fine
  9618 | D:8      | Reached skill level 5 in Fighting
  9757 | D:9      | Found a staircase to the Lair.
  9768 | D:9      | Reached skill level 5 in Dodging
  9806 | D:9      | Reached XP level 10. HP: 35/75 MP: 13/16
 10056 | Lair:1   | Entered Level 1 of the Lair of Beasts
 10629 | D:9      | Was placed under penance by Okawaru
 10683 | D:9      | Noticed a cyclops
 10683 | D:9      | Noticed a hill giant
 10683 | D:9      | Noticed a titan
 10849 | D:9      | Killed a hill giant
 11052 | D:9      | Killed from afar by a titan

Action                   |  1- 3 |  4- 6 |  7- 9 | 10-12 || total
-------------------------+-------+-------+-------+-------++-------
Melee: Short sword       |   127 |       |       |       ||   127
       Dagger            |    39 |   111 |       |       ||   150
       Long sword        |       |    47 |   310 |    97 ||   454
       Sabre             |       |     8 |       |       ||     8
Throw: Dart              |    15 |    14 |     2 |       ||    31
       Hand axe          |     8 |     6 |       |       ||    14
       Dagger            |       |     2 |     3 |       ||     5
 Cast: Apportation       |     1 |       |       |       ||     1
       Infusion          |       |       |     7 |     1 ||     8
       Blink             |       |       |     1 |     1 ||     2
Invok: Heroism           |       |       |     1 |       ||     1
Evoke: Wand              |       |     5 |     5 |     2 ||    12
  Use: Potion            |     3 |     2 |     1 |     1 ||     7
       Scroll            |       |     8 |     2 |    10 ||    20
 Stab: Sleeping          |       |       |     3 |       ||     3
       Distracted        |       |       |     1 |       ||     1
